 Dungeon Crawl Stone Soup version 0.17-a0-1946-gfb768fe (webtiles) character file.

4 esc the Insei (level 1, -2/13 HPs)
             Began as an Octopode Transmuter on Oct 1, 2015.
             Slain by an ooze (4 damage)
             ... on level 1 of the Dungeon.
             The game lasted 00:00:16 (160 turns).

esc the Insei (Octopode Transmuter)                  Turns: 160, Time: 00:00:16

Health: -2/13      AC:  1    Str:  9    XL:     1   Next: 70%
Magic:  3/3        EV: 12    Int: 15    God:
Gold:   0          SH:  0    Dex: 12    Spells: 1 memorised, 3 levels left

rFire  . . .     SeeInvis .       - Unarmed
rCold  . . .     Clarity  .     (no shield)
rNeg   . . .     SustAt   .     (helmet restricted)
rPois  .         Gourm    .     (no amulet)
rElec  .         Spirit   .     (no ring)
rCorr  .         Warding  .     (no ring)
rMut   .         Stasis   .     (no ring)
MR     .....                    (no ring)
Stlth  ++........               (no ring)
                                (no ring)
                                (no ring)
                                (no ring)

@: not resistant to hostile enchantments, unstealthy
A: almost no armour, amphibious, 8 rings, constrict 8, camouflage 1, gelatinous
body 1
a: no special abilities


You were on level 1 of the Dungeon.
You were not hungry.

You visited 1 branch of the dungeon, and saw 1 of its levels.

Inventory:

Missiles
 a - 12 arrows
Potions
 d - a potion of agility {unknown}
Books
 b - a book of Changes
Comestibles
 c - a bread ration {@e1}
 f - 4 chunks of flesh {@w0}


   Skills:
 + Level 1.1 Fighting
 + Level 2.0 Dodging
 + Level 3.1 Unarmed Combat
 + Level 2.1 Spellcasting
 + Level 2.0 Transmutations


You had 3 spell levels left.
You knew the following spells:

 Your Spells              Type           Power        Failure   Level  Hunger
a - Beastly Appendage     Trmt           #.....       12%         1    #......


Dungeon Overview and Level Annotations

Branches:
Dungeon (1/15)

Altars:


Innate Abilities, Weirdness & Mutations

You cannot wear most types of armour.
You are amphibious.
You can wear up to eight rings at the same time.
You can use your tentacles to constrict eight enemies at once.
Your skin changes colour to match your surroundings (Stealth).
Your rubbery body absorbs attacks (AC +1).


Message History

Welcome, esc the Octopode Transmuter.
Will you be the one to retrieve the fabulous Orb of Zot from the depths?
Found a staircase leading out of the dungeon.
You see here 17 sling bullets.
d - a sapphire potion A hobgoblin comes into view.
The hobgoblin shouts!
You closely miss the hobgoblin. You grab the hobgoblin.
You squeeze the hobgoblin.
You kill the hobgoblin!
No target in view!
No target in view!
No target in view!
No target in view!
No target in view!
No target in view!
No target in view!
No target in view!
No target in view!
No target in view!
No target in view!
No target in view!
No target in view!
No target in view!
No target in view!
No target in view!
No target in view!
You see here a hobgoblin corpse.
You butcher the hobgoblin corpse.
A kobold comes into view. It is wielding a dagger.
Things that are here:
3 chunks of flesh {@w0}; a hobgoblin skeleton A kobold is nearby!
The kobold hits you with a dagger.
You take 3 damage, and have 10/13 hp.
MASSIVE DAMAGE!!
You tentacle-slap the kobold.
You kill the kobold!
No target in view!
Things that are here:
a dagger; a kobold corpse You butcher the kobold corpse.
Things that are here:
a dagger; an inedible chunk of flesh {@w0}
f - 3 chunks of flesh {@w0} You see here a hobgoblin skeleton.
Things that are here:
a dagger; an inedible chunk of flesh {@w0} A kobold comes into view.
The kobold shouts!
You miss the kobold. Your grab misses the kobold.
The kobold completely misses you.
You closely miss the kobold. You grab the kobold. You squeeze the kobold.
You constrict the kobold, but do no damage.
The kobold barely misses you.
A rat comes into view.
You barely miss the kobold. You squeeze the kobold.
You kill the kobold!
The rat bites you.
You take 2 damage, and have 10/13 hp.
You tentacle-slap the rat.
You kill the rat!
No target in view!
No target in view!
No target in view!
No target in view!
No target in view!
No target in view!
No target in view!
You see here a rat corpse.
You butcher the rat corpse.
f - 4 chunks of flesh {@w0} (gained 1)
You see here a rat skeleton.
An ooze comes into view.
The ooze quivers.
You tentacle-slap the ooze. The ooze completely misses you.
You tentacle-slap the ooze. The ooze hits you.
You take 5 damage, and have 5/13 hp.
MASSIVE DAMAGE!!
You tentacle-slap the ooze. You squeeze the ooze. The ooze hits you.
* * * LOW HITPOINT WARNING * * *
You take 3 damage, and have 2/13 hp.
MASSIVE DAMAGE!!
You tentacle-slap the ooze but do no damage.
The ooze hits you.
You die...

.... ...# ...#
#..# #..#
#.#####..# #
#.#....J.#.#
#....##@.#.#
#..........#
##...##..###
####.###..#####
#...............
#........#######
########....÷...#
#........†.......#
#.######.........#


You could see an ooze.

Vanquished Creatures
  A hobgoblin (D:1)
  2 kobolds (D:1)
  A rat (D:1)
4 creatures vanquished.

Notes
Turn   | Place    | Note
--------------------------------------------------------------
     0 | D:1      | esc the Octopode Transmuter began the quest for the Orb.
     0 | D:1      | Reached XP level 1. HP: 13/13 MP: 3/3
   159 | D:1      | HP: 2/13 [ooze (3)]
   160 | D:1      | Slain by an ooze

Vault maps used:
D:1:      wheals_arrival_linesprint

Action                   || total
-------------------------++-------
Melee: Unarmed           ||    10

Vault maps used:
D:1:      wheals_arrival_linesprint

Table legend:
 A = Turns spent in this place as a percentage of turns spent in the entire game.
 B = Non-inter-level travel turns spent in this place as a percentage of non-inter-level travel turns spent in the entire game.
 C = Inter-level travel turns spent in this place as a percentage of turns spent in this place.
 D = Turns resting spent in this place as a percentage of non-inter-level travel turns spent in this place.
 E = Turns spent auto-exploring this place as a percentage of non-inter-level travel turns spent in this place.
 F = Non-inter-level travel turns spent in this place divided by the number of levels of this place that you've seen.
                   A       B       C       D       E      F
               +-------+-------+-------+-------+-------+----------------------
         Total | 100.0 | 100.0 |   0.0 |   0.0 |   6.3 |  63.0
       Dungeon | 100.0 | 100.0 |   0.0 |   0.0 |   6.3 |  63.0
               +-------+-------+-------+-------+-------+----------------------

Table legend:
 A = Kills in this place as a percentage of kills in entire the game.
 B = Kills by you in this place as a percentage of kills by you in the entire game.
 C = Kills by friends in this place as a percentage of kills by friends in the entire game.
 D = Other kills in this place as a percentage of other kills in the entire game.
 E = Experience gained in this place as a percentage of experience gained in the entire game.
 F = Experience gained in this place divided by the number of levels of this place that you have seen.
                   A       B       C       D       E      F
               +-------+-------+-------+-------+-------+----------------------
         Total | 100.0 | 100.0 |  -nan |  -nan | 100.0 |   7.0
       Dungeon | 100.0 | 100.0 |  -nan |  -nan | 100.0 |   7.0
               +-------+-------+-------+-------+-------+----------------------
